| TOP OF THE 1ST |
|
Vanderbilt University Commodores batting - Pitching for University of South Carolina Gamecocks : RHP Jabari Gatewood
|
|
Pitching: RHP Jabari Gatewood
|
|
|
Batting: LHB Josh Jett
|
0-0: Ball 1-0: Foul Ball, location: 2F 1-1: DOUBLE (Line Drive, 9LS, EV 105.0 MPH)
|
|
Batting: RHB Jose Ramos
|
0-0: Ball 1-0: Fly out, F9 (Flyball, 9LS, EV 90.0 MPH)
|
|
Batting: RHB Edgar Fernandez
|
0-0: Foul Ball, location: 2F 0-1: Foul Ball, location: 2F 0-2: Ball 1-2: Strikes out swinging
|
|
Batting: RHB Takashi Takeuchi
|
0-0: DOUBLE (Flyball, 8RD, EV 103.8 MPH) Josh Jett scores
|
|
Batting: LHB Tokito Ishizaki
|
0-0: Ground out U3 (Groundball, 3S, EV 89.4 MPH)
|
| Top of the 1st over - 1 run, 2 hits, 0 errors, 1 left on base; Vanderbilt University 1 - University of South Carolina 0 |
| BOTTOM OF THE 1ST |
|
University of South Carolina Gamecocks batting - Pitching for Vanderbilt University Commodores : RHP Jayson Wright
|
|
Pitching: RHP Jayson Wright
|
|
|
Batting: RHB Justin Kurutz
|
0-0: Foul Ball, location: 2F 0-1: Ball 1-1: Foul Ball, location: 2F 1-2: Ball 2-2: Strikes out swinging
|
|
Batting: RHB Brian Passalacqua
|
0-0: Called Strike 0-1: Ball 1-1: Ball 2-1: SINGLE (Groundball, 6D, EV 106.2 MPH)
|
|
Batting: SHB Keith Mihas
|
0-0: Called Strike 0-1: Ball 1-1: Ball 2-1: Fielders Choice at 2nd, 3-6 (Groundball, 3, EV 82.5 MPH)
|
|
Batting: LHB Bert Webster
|
0-0: Swinging Strike 0-1: Ball 1-1: Ball 2-1: DOUBLE (Line Drive, 7LS, EV 96.2 MPH) Keith Mihas to third
|
|
Batting: RHB Lance Neldon
|
0-0: Ball 1-0: Ball 2-0: Called Strike 2-1: Ground out 6-3 (Groundball, 6, EV 83.8 MPH)
|
| Bottom of the 1st over - 0 runs, 2 hits, 0 errors, 2 left on base; Vanderbilt University 1 - University of South Carolina 0 |
| TOP OF THE 2ND |
|
Vanderbilt University Commodores batting - Pitching for University of South Carolina Gamecocks : RHP Jabari Gatewood
|
|
Batting: SHB D.J. Davis
|
0-0: Fly out, F9 (Flyball, 89S, EV 86.9 MPH)
|
|
Batting: RHB Pakiana Kileona
|
0-0: Called Strike 0-1: Ball 1-1: Single, Error in OF, E8, batter to second base (Groundball, 6, EV 99.4 MPH)
|
|
Batting: RHB Ruben Reyna
|
0-0: Swinging Strike 0-1: Ball 1-1: Foul Ball, location: 2F 1-2: Strikes out swinging
|
|
Batting: SHB Robbie Glover
|
0-0: Called Strike 0-1: Ball 1-1: Ground out U3 (Groundball, 34, EV 89.4 MPH)
|
| Top of the 2nd over - 0 runs, 1 hit, 1 error, 1 left on base; Vanderbilt University 1 - University of South Carolina 0 |
| BOTTOM OF THE 2ND |
|
University of South Carolina Gamecocks batting - Pitching for Vanderbilt University Commodores : RHP Jayson Wright
|
|
Batting: LHB David Fowler
|
0-0: Called Strike 0-1: Foul Ball, location: 2F 0-2: Ball 1-2: Ball 2-2: Ball 3-2: Foul Ball, location: 2F 3-2: Foul Ball, location: 2F 3-2: Fly out, F8 (Flyball, 89M, EV 90.6 MPH)
|
|
Batting: LHB Jörg Young
|
0-0: Called Strike 0-1: Ball 1-1: Ball 2-1: Ball 3-1: Swinging Strike 3-2: DOUBLE (Line Drive, 78D, EV 106.9 MPH)
|
|
Batting: RHB Steve Gibson
|
0-0: Ball 1-0: Ball 2-0: Fly out, F7 (Flyball, 7, EV 90.6 MPH)
|
|
Batting: RHB Josh Shirkey
|
0-0: Ball 1-0: Ball 2-0: Called Strike 2-1: Ball 3-1: Swinging Strike 3-2: Ground out 4-3 (Groundball, 4M, EV 78.1 MPH)
|
| Bottom of the 2nd over - 0 runs, 1 hit, 0 errors, 1 left on base; Vanderbilt University 1 - University of South Carolina 0 |
| TOP OF THE 3RD |
|
Vanderbilt University Commodores batting - Pitching for University of South Carolina Gamecocks : RHP Jabari Gatewood
|
|
Batting: LHB Josh Jett
|
0-0: Foul Ball, location: 2F 0-1: Called Strike 0-2: Strikes out looking
|
|
Batting: RHB Jose Ramos
|
0-0: Called Strike 0-1: Ball 1-1: Swinging Strike 1-2: Foul Ball, location: 2F 1-2: Ball 2-2: Foul Ball, location: 2F 2-2: Foul Ball, location: 2F 2-2: Strikes out swinging
|
|
Batting: RHB Edgar Fernandez
|
0-0: SINGLE (Line Drive, 6M, EV 96.2 MPH)
|
|
Batting: RHB Takashi Takeuchi
|
0-0: Called Strike 0-1: 2-RUN HOME RUN (Flyball, 7D, EV 108.8 MPH), Distance : 426 ft
|
|
Batting: LHB Tokito Ishizaki
|
0-0: Called Strike 0-1: Ball 1-1: Ball 2-1: Foul Ball, location: 2F 2-2: Fly out, F4 (Line Drive, 34D, EV 68.8 MPH)
|
| Top of the 3rd over - 2 runs, 2 hits, 0 errors, 0 left on base; Vanderbilt University 3 - University of South Carolina 0 |
| BOTTOM OF THE 3RD |
|
University of South Carolina Gamecocks batting - Pitching for Vanderbilt University Commodores : RHP Jayson Wright
|
|
Batting: RHB Justin Kurutz
|
0-0: Foul Ball, location: 2F 0-1: Swinging Strike 0-2: Strikes out looking
|
|
Batting: RHB Brian Passalacqua
|
0-0: Ball 1-0: Ball 2-0: Swinging Strike 2-1: SINGLE (Groundball, 6MD, EV 105.6 MPH)
|
|
Batting: SHB Keith Mihas
|
0-0: Swinging Strike 0-1: Foul Ball, location: 2F 0-2: Foul Ball, location: 2F 0-2: 2-RUN HOME RUN (Flyball, 78XD, EV 106.9 MPH), Distance : 437 ft
|
|
Batting: LHB Bert Webster
|
0-0: Called Strike 0-1: Called Strike 0-2: Ball 1-2: Ball 2-2: Ball 3-2: Foul Ball, location: 2F 3-2: Strikes out swinging
|
|
Batting: RHB Lance Neldon
|
0-0: Fly out, F8 (Flyball, 8LD, EV 86.9 MPH)
|
| Bottom of the 3rd over - 2 runs, 2 hits, 0 errors, 0 left on base; Vanderbilt University 3 - University of South Carolina 2 |
| TOP OF THE 4TH |
|
Vanderbilt University Commodores batting - Pitching for University of South Carolina Gamecocks : RHP Jabari Gatewood
|
|
Batting: SHB D.J. Davis
|
0-0: Ball 1-0: Foul Ball, location: 2F 1-1: Fly out, F9 (Line Drive, 89M, EV 95.0 MPH)
|
|
Batting: RHB Pakiana Kileona
|
0-0: Foul Ball, location: 2F 0-1: Ball 1-1: Ball 2-1: Swinging Strike 2-2: Ball 3-2: Reached on error, E6 (Groundball, 56, EV 85.6 MPH)
|
|
Batting: RHB Ruben Reyna
|
0-0: Called Strike 0-1: Ball 1-1: Called Strike 1-2: Ball 2-2: Foul Ball, location: 2F 2-2: Strikes out swinging
|
|
Batting: SHB Robbie Glover
|
0-0: Called Strike 0-1: Ball 1-1: Fielders Choice at 2nd, 6-4 (Groundball, 6, EV 85.6 MPH)
|
| Top of the 4th over - 0 runs, 0 hits, 1 error, 1 left on base; Vanderbilt University 3 - University of South Carolina 2 |
| BOTTOM OF THE 4TH |
|
University of South Carolina Gamecocks batting - Pitching for Vanderbilt University Commodores : RHP Jayson Wright
|
|
Batting: LHB David Fowler
|
0-0: Fly out, F8 (Flyball, 89D, EV 87.5 MPH)
|
|
Batting: LHB Jörg Young
|
0-0: Ball 1-0: Foul Ball, location: 2F 1-1: Ball 2-1: SINGLE (Groundball, 5S, EV 75.6 MPH) (infield hit)
|
|
Batting: RHB Steve Gibson
|
0-0: Called Strike 0-1: Ball 1-1: Foul Ball, location: 2F 1-2: Fly out, F7 (Flyball, 7, EV 91.2 MPH)
|
|
Batting: RHB Josh Shirkey
|
0-0: Called Strike 0-1: Foul Ball, location: 2F 0-2: Strikes out swinging
|
| Bottom of the 4th over - 0 runs, 1 hit, 0 errors, 1 left on base; Vanderbilt University 3 - University of South Carolina 2 |
| TOP OF THE 5TH |
|
Vanderbilt University Commodores batting - Pitching for University of South Carolina Gamecocks : RHP Jabari Gatewood
|
|
Batting: LHB Josh Jett
|
0-0: Ground out U3 (Groundball, 3, EV 85.6 MPH)
|
|
Batting: RHB Jose Ramos
|
0-0: Ball 1-0: Foul Ball, location: 2F 1-1: Ball 2-1: Foul Ball, location: 2F 2-2: Foul Ball, location: 2F 2-2: Strikes out looking
|
|
Batting: RHB Edgar Fernandez
|
0-0: SINGLE (Line Drive, 89S, EV 111.9 MPH)
|
|
Batting: RHB Takashi Takeuchi
|
0-0: Ball 1-0: Fly out, F9 (Flyball, 9, EV 89.4 MPH)
|
| Top of the 5th over - 0 runs, 1 hit, 0 errors, 1 left on base; Vanderbilt University 3 - University of South Carolina 2 |
| BOTTOM OF THE 5TH |
|
University of South Carolina Gamecocks batting - Pitching for Vanderbilt University Commodores : RHP Jayson Wright
|
|
Batting: RHB Justin Kurutz
|
0-0: Called Strike 0-1: Ball 1-1: Swinging Strike 1-2: Foul Ball, location: 2F 1-2: SINGLE (Groundball, P, EV 84.4 MPH) (infield hit)
|
|
Batting: RHB Brian Passalacqua
|
0-0: Foul Ball, location: 2F 0-1: Ball 1-1: Foul Ball, location: 2F 1-2: Foul Ball, location: 2F 1-2: Strikes out swinging
|
|
Pitching: RHP Matt Lane
|
|
|
Batting: SHB Keith Mihas
|
0-0: Foul Ball, location: 2F 0-1: Called Strike 0-2: Ball 1-2: Ball 2-2: Ball 3-2: Base on Balls Justin Kurutz to second
|
|
Batting: LHB Bert Webster
|
0-0: Called Strike 0-1: Ball 1-1: Reached on error, E3 (Groundball, 34, EV 85.6 MPH) Justin Kurutz to third Keith Mihas to second
|
|
Batting: RHB Lance Neldon
|
0-0: Ball 1-0: Fielders Choice at 2nd, 3-6 (Groundball, 34S, EV 78.1 MPH) Justin Kurutz scores Keith Mihas to third
|
|
Batting: LHB David Fowler
|
0-0: Ball 1-0: Foul Ball, location: 2F 1-1: Foul Ball, location: 2F 1-2: Ball 2-2: Ball 3-2: Ground out 5-3 (Groundball, 5, EV 105.6 MPH)
|
| Bottom of the 5th over - 1 run, 1 hit, 1 error, 2 left on base; Vanderbilt University 3 - University of South Carolina 3 |
| TOP OF THE 6TH |
|
Vanderbilt University Commodores batting - Pitching for University of South Carolina Gamecocks : RHP Jabari Gatewood
|
|
Batting: LHB Tokito Ishizaki
|
0-0: Ball 1-0: Called Strike 1-1: Ground out 3-1 (Groundball, 34, EV 83.8 MPH)
|
|
Batting: SHB D.J. Davis
|
0-0: Called Strike 0-1: Ball 1-1: Ball 2-1: Foul Ball, location: 2F 2-2: Strikes out swinging
|
|
Batting: RHB Pakiana Kileona
|
0-0: Ball 1-0: SINGLE (Groundball, 56D, EV 101.9 MPH)
|
|
Batting: RHB Ruben Reyna
|
0-0: Ball 1-0: Swinging Strike 1-1: Called Strike 1-2: Strikes out swinging
|
| Top of the 6th over - 0 runs, 1 hit, 0 errors, 1 left on base; Vanderbilt University 3 - University of South Carolina 3 |
| BOTTOM OF THE 6TH |
|
University of South Carolina Gamecocks batting - Pitching for Vanderbilt University Commodores : RHP Matt Lane
|
|
Batting: LHB Jörg Young
|
0-0: Ground out 3-1 (Groundball, 34, EV 86.2 MPH)
|
|
Batting: RHB Steve Gibson
|
0-0: Ground out 5-3 (Groundball, 5, EV 103.1 MPH)
|
|
Batting: RHB Josh Shirkey
|
0-0: Called Strike 0-1: Ball 1-1: Swinging Strike 1-2: Ball 2-2: Ball 3-2: Base on Balls
|
|
Pitching: LHP Ethan Roberson
|
|
|
Batting: RHB Justin Kurutz
|
0-0: Called Strike 0-1: Ball 1-1: Fielders Choice at 2nd, 5-4 (Groundball, 5L, EV 80.0 MPH)
|
| Bottom of the 6th over - 0 runs, 0 hits, 0 errors, 1 left on base; Vanderbilt University 3 - University of South Carolina 3 |
| TOP OF THE 7TH |
|
Vanderbilt University Commodores batting - Pitching for University of South Carolina Gamecocks : RHP Jabari Gatewood
|
|
Pitching: RHP Trent Lipinski
|
|
|
Batting: SHB Robbie Glover
|
0-0: Ball 1-0: Ball 2-0: Called Strike 2-1: Swinging Strike 2-2: Foul Ball, location: 2F 2-2: Ball 3-2: Foul Ball, location: 2F 3-2: Foul Ball, location: 2F 3-2: Strikes out swinging
|
|
Batting: LHB Josh Jett
|
0-0: Ball 1-0: Ball 2-0: Ball 3-0: Base on Balls
|
|
Batting: RHB Jose Ramos
|
0-0: Ball 1-0: Called Strike 1-1: Ball Josh Jett steals 2nd, throwing error, E2 Josh Jett to third 2-1: Fly out, F8 (Flyball, 8RM, EV 89.4 MPH) Runner from 3rd tags up, SCORES, throw by CF
|
|
Batting: RHB Edgar Fernandez
|
0-0: Ball 1-0: Ball 2-0: Called Strike 2-1: Ground out 6-3 (Groundball, 6, EV 80.6 MPH)
|
| Top of the 7th over - 1 run, 0 hits, 1 error, 0 left on base; Vanderbilt University 4 - University of South Carolina 3 |
| BOTTOM OF THE 7TH |
|
University of South Carolina Gamecocks batting - Pitching for Vanderbilt University Commodores : LHP Ethan Roberson
|
|
Pitching: RHP Jesus Ortega
|
|
|
Batting: RHB Brian Passalacqua
|
0-0: Ball 1-0: Foul Ball, location: 2F 1-1: Fly out, F8 (Flyball, 89M, EV 80.0 MPH)
|
|
Batting: SHB Keith Mihas
|
0-0: Ball 1-0: Ball 2-0: Called Strike 2-1: Foul Ball, location: 2F 2-2: Ball 3-2: Foul Ball, location: 2F 3-2: DOUBLE (Line Drive, 89XD, EV 104.4 MPH) - OUT at third base trying to stretch hit.
|
|
Batting: LHB Bert Webster
|
0-0: Ball 1-0: Called Strike 1-1: Ground out 4-3 (Groundball, 4D, EV 86.9 MPH)
|
| Bottom of the 7th over - 0 runs, 1 hit, 0 errors, 0 left on base; Vanderbilt University 4 - University of South Carolina 3 |
| TOP OF THE 8TH |
|
Vanderbilt University Commodores batting - Pitching for University of South Carolina Gamecocks : RHP Trent Lipinski
|
|
Pitching: RHP Bob Conway
|
|
|
Batting: RHB Takashi Takeuchi
|
0-0: Ball 1-0: Foul Ball, location: 2F 1-1: Foul Ball, location: 2F 1-2: Strikes out looking
|
|
Batting: LHB Tokito Ishizaki
|
0-0: Ball 1-0: Ball 2-0: Called Strike 2-1: Ball 3-1: SINGLE (Groundball, 34S, EV 65.0 MPH) (infield hit)
|
|
Batting: SHB D.J. Davis
|
0-0: Ball 1-0: Called Strike 1-1: SINGLE (Groundball, 34D, EV 110.6 MPH) Tokito Ishizaki to second Runner from 2nd tries for 3rd, SAFE, no throw by RF
|
|
Batting: RHB Pakiana Kileona
|
0-0: Foul Ball, location: 2F 0-1: Swinging Strike 0-2: Ball 1-2: Ball 2-2: Ball 3-2: Foul Ball, location: 2F 3-2: Base on Balls D.J. Davis to second
|
|
Batting: RHB Ruben Reyna
|
0-0: Ball 1-0: Foul Ball, location: 2F 1-1: Fly out, F7 (Flyball, 78D, EV 103.8 MPH) Runner from 3rd tags up, SCORES, throw by LF
|
|
Batting: SHB Robbie Glover
|
0-0: Ball 1-0: Fielders Choice at 2nd, 6-4 (Groundball, 6, EV 101.2 MPH)
|
| Top of the 8th over - 1 run, 2 hits, 0 errors, 2 left on base; Vanderbilt University 5 - University of South Carolina 3 |
| BOTTOM OF THE 8TH |
|
University of South Carolina Gamecocks batting - Pitching for Vanderbilt University Commodores : RHP Jesus Ortega
|
|
Pitching: RHP Bill Mata
|
|
|
Batting: LHB Chris McNay
|
0-0: Called Strike 0-1: Ball 1-1: Ball 2-1: Ball 3-1: Called Strike 3-2: Ground out 1-3 (Groundball, 15S, EV 67.5 MPH)
|
|
Pitching: LHP Lothar Wendelin
|
|
|
Batting: LHB David Fowler
|
0-0: Called Strike 0-1: Ground out 5-3 (Groundball, 56, EV 103.8 MPH)
|
|
Batting: LHB Jörg Young
|
0-0: Fly out, F7 (Line Drive, 7S, EV 94.4 MPH)
|
| Bottom of the 8th over - 0 runs, 0 hits, 0 errors, 0 left on base; Vanderbilt University 5 - University of South Carolina 3 |
| TOP OF THE 9TH |
|
Vanderbilt University Commodores batting - Pitching for University of South Carolina Gamecocks : RHP Bob Conway
|
|
Pitching: LHP Mijalko Brkic
|
|
|
Batting: LHB Josh Jett
|
0-0: Ball 1-0: Fly out, F2 (Popup, 2LF, EV 93.8 MPH)
|
|
Pitching: RHP Jop van Grootveld
|
|
|
Batting: RHB Jose Ramos
|
0-0: Swinging Strike 0-1: Called Strike 0-2: Ball 1-2: Ball 2-2: Ball 3-2: Strikes out swinging
|
|
Batting: RHB Edgar Fernandez
|
0-0: Ground out 5-3 (Groundball, 56, EV 80.6 MPH)
|
| Top of the 9th over - 0 runs, 0 hits, 0 errors, 0 left on base; Vanderbilt University 5 - University of South Carolina 3 |
| BOTTOM OF THE 9TH |
|
University of South Carolina Gamecocks batting - Pitching for Vanderbilt University Commodores : LHP Lothar Wendelin
|
|
Pitching: LHP Kyle McGuire
|
|
|
Now at 1B: Paul Johnson
|
|
|
Batting: RHB Steve Gibson
|
0-0: Ground out 6-3 (Groundball, 6, EV 95.0 MPH)
|
|
Pinch Hitting: LHB David Saltzman
|
0-0: Ground out 6-3 (Groundball, 6, EV 91.2 MPH)
|
|
Batting: RHB Justin Kurutz
|
0-0: Ball 1-0: Ball 2-0: Ball 3-0: Base on Balls
|
|
Batting: RHB Brian Passalacqua
|
0-0: Ground out 4-3 (Groundball, 13, EV 81.2 MPH)
|
| Bottom of the 9th over - 0 runs, 0 hits, 0 errors, 1 left on base; Vanderbilt University 5 - University of South Carolina 3 |
|